 Dungeon Crawl Stone Soup version 0.26.1-11-gd32895ea62 (webtiles) character file.

Game seed: 706574177438759427

26203 Toast5 the Basher (level 13, -8/83 HPs)
             Began as a Gargoyle Fighter on Apr 18, 2021.
             Was the Champion of Okawaru.
             Mangled by a large slime creature (19 damage)
             ... on level 12 of the Dungeon.
             The game lasted 00:47:46 (13067 turns).

Toast5 the Basher (Gargoyle Fighter)               Turns: 13067, Time: 00:48:10

Health: -8/83      AC: 59    Str: 20    XL:     13   Next: 24%
Magic:  11/11      EV:  3    Int: 12    God:    Okawaru [******]
Gold:   667        SH: 12    Dex: 13    Spells: 12/12 levels left

rFire    + . .     SeeInvis +   D - +9 mace "Mehufept" {vorpal, Will++ MP-9}
rCold    . . .     Faith    .   c - +0 kite shield
rNeg     + . .     Spirit   .   U - +19 crystal plate armour of Budas {Regen+ Str-4 Int+2}
rPois    ∞         Reflect  .   u - +1 helmet {SInv}
rElec    +         Harm     .   e - +2 cloak {rPois}
rCorr    .         Rampage  .   y - +1 pair of gloves
Will     ++...                  M - +0 pair of boots
Stlth    ..........             (no amulet)
HPRegen  0.63/turn              K - +4 ring of slaying
MPRegen  0.12/turn              N - ring of protection from fire

@: no status effects
A: talons 1, agile 2, negative energy resistance 1, electricity resistance,
unbreathing, evolution 1, petrification resistance, miasma immunity, AC +9
a: Renounce Religion, Heroism, Finesse


You were on level 12 of the Dungeon.
You worshipped Okawaru.
Okawaru was exalted by your worship.
You visited 2 branches of the dungeon, and saw 13 of its levels.
You also visited: Ossuary and Gauntlet.

You collected 667 gold pieces.

Inventory:

Hand Weapons
 D - the +9 mace "Mehufept" (weapon) {vorpal, Will++ MP-9}
   (You took it off a minotaur in a Gauntlet)

   It inflicts extra damage upon your enemies.
   It affects your willpower, your defense against some magical effects.
   It affects your magic capacity (-9).
 X - a +2 war axe of venom
Missiles
 m - 13 atropa-tipped darts
 o - 29 poisoned darts (quivered)
Armour
 c - a +0 kite shield (worn)
 e - a +2 cloak of poison resistance (worn)
 u - a +1 helmet of see invisible (worn)
 y - a +1 pair of gloves (worn)
 A - +0 acid dragon scales
 M - a +0 pair of boots (worn)
 U - the +19 crystal plate armour of Budas (worn) {Regen+ Str-4 Int+2}
   (Okawaru gifted it to you in a Gauntlet)

   It affects your strength (-4).
   It affects your intelligence (+2).
   It increases your rate of regeneration.
Jewellery
 b - an uncursed amulet of guardian spirit
 K - a +4 ring of slaying (left hand)
 N - a ring of protection from fire (right hand)
Wands
 a - a wand of polymorph (18)
 f - a wand of paralysis (18)
 s - a wand of digging (4)
 v - a wand of iceblast (7)
 x - a wand of flame (14)
 z - a wand of enslavement (7)
 F - a wand of disintegration (3)
Scrolls
 k - 9 scrolls of identify
 n - 8 scrolls of teleportation
 p - 4 scrolls of remove curse
 r - a scroll of random uselessness
 w - 2 scrolls of fear
 C - 3 scrolls of summoning
 E - 2 scrolls of enchant weapon
 G - a scroll of noise {unknown}
 I - 2 scrolls of blinking
 L - 5 scrolls of amnesia
 P - 2 scrolls of enchant armour
 S - a scroll of magic mapping
Potions
 d - 2 potions of might
 g - a potion of mutation
 h - 6 potions of heal wounds
 i - 3 potions of haste
 j - a potion of lignification
 l - 10 potions of curing
 q - 3 potions of brilliance
 t - a potion of magic
 B - 2 potions of invisibility
 H - 3 potions of attraction
Miscellaneous
 J - a condenser vane
 Q - a lightning rod (4/4)


   Skills:
 + Level 10.4 Fighting
 * Level 12.8 Maces & Flails
 + Level 10.5 Armour
 + Level 10.5 Shields
 + Level 9.5 Invocations


You had 12 spell levels left.
You didn't know any spells.
Your spell library contained the following spells:

 Spells                   Type           Power        Failure   Level
 Corona                   Hex            0%           100%        1
 Foxfire                  Conj/Fire      0%           100%        1
 Freeze                   Ice            0%           100%        1
 Sting                    Tmut/Pois      0%           100%        1
 Ensorcelled Hibernation  Hex/Ice        0%           100%        2
 Poisonous Vapours        Pois/Air       0%           100%        2
 Swiftness                Air            0%           100%        2
 Confusing Touch          Hex            0%           100%        3
 Conjure Flame            Conj/Fire      0%           100%        3
 Dazzling Flash           Conj/Hex       0%           100%        3
 Frozen Ramparts          Ice            0%           100%        3
 Gell's Gravitas          Tloc           0%           100%        3
 Ignite Poison            Fire/Tmut/Pois 0%           100%        3
 Mephitic Cloud           Conj/Pois/Air  0%           100%        3
 Ozocubu's Armour         Ice            0%           100%        3
 Spider Form              Tmut/Pois      0%           100%        3
 Static Discharge         Conj/Air       0%           100%        3
 Tukima's Dance           Hex            0%           100%        3
 Hailstorm                Conj/Ice       0%           100%        4
 Olgreb's Toxic Radiance  Pois           0%           100%        4
 Petrify                  Tmut/Erth      0%           100%        4
 Summon Ice Beast         Ice/Summ       0%           100%        4
 Bolt of Magma            Conj/Fire/Erth 0%           100%        5
 Fireball                 Conj/Fire      0%           100%        5
 Lightning Bolt           Conj/Air       0%           100%        5
 Metabolic Englaciation   Hex/Ice        0%           100%        5
 Summon Demon             Summ           0%           100%        5
 Summon Forest            Summ/Tloc      0%           100%        5
 Summon Mana Viper        Hex/Summ       0%           100%        5
 Yara's Violent Unravell  Hex/Tmut       0%           100%        5
 Shadow Creatures         Summ           N/A          100%        6
 Summon Hydra             Summ           0%           100%        7


Dungeon Overview and Level Annotations

Branches:
Dungeon (12/15)            Temple (1/1) D:4            Lair (0/6) D:11
    Orc (0/2) D:12        Ossuary (visited)         Gauntlet (visited)

Altars:
Ashenzari
Cheibriados
Dithmenos
Elyvilon
Fedhas
Gozag
Hepliaklqana
Kikubaaqudgha
Makhleb
Nemelex Xobeh
Okawaru
Ru
Sif Muna
Trog
Uskayaw
Vehumet
Wu Jian
Xom
Yredelemnul
Zin
The Shining One


Innate Abilities, Weirdness & Mutations

You are resistant to torment.
Your stone body is resilient. (AC +9)
You are immune to poison.
You resist negative energy. (rN+)
You are resistant to electric shocks. (rElec)
You can survive without breathing.
You are immune to petrification.
You are immune to miasma.
You have sharp toenails.
You are very agile. (Dex +4)
You evolve.


Message History

You hit the large slime creature.
The large slime creature is heavily wounded.
A slime creature suddenly becomes an enormous slime creature.
You sock the large slime creature!
The large slime creature is heavily wounded.
The large slime creature hits you.
You sock the large slime creature!
The large slime creature is severely wounded.
You block the large slime creature's attack.
The enormous slime creature hits you!
You bludgeon the large slime creature!!
The large slime creature is almost dead.
The large slime creature hits you but does no damage.
You hit the large slime creature.
The large slime creature is almost dead.
The enormous slime creature hits you!!!
Ouch! That really hurt!
* * * LOW HITPOINT WARNING * * *
The large slime creature hits you!!
You die...

######## .......# ####.###
######### ##.### #........
#....#######.######
#........#........#
#........#.##.###.#
#..........##.@J#.#
###........######J#.#
....)...............#
.....................(....
###..............###......
................. ......
.........<....... #.###
...##..#.#.#.##.# .#
.......#.#.#.##.#
#.##########


You could see an enormous slime creature and a large slime creature.

Vanquished Creatures
  Nessos (D:12)
  A minotaur (Gauntlet)
  3 hydras
  2 two-headed ogres
  5 death yaks (Gauntlet)
  A tengu warrior (Gauntlet)
  A flayed ghost (D:8)
  A deep elf mage (D:12)
  3 oklob plants
  3 manticores (D:12)
  A cyclops (D:12)
  2 centaur zombies (D:11)
  An ice statue (Gauntlet)
  A torpor snail (Gauntlet)
  3 centaur skeletons
  Maggie (D:7)
  A kobold demonologist (D:11)
  2 rime drakes (Gauntlet)
  A tengu conjurer (Gauntlet)
  4 trolls
  A hornet (D:8)
  Prince Ribbit (D:7)
  2 wraiths (Ossuary)
  2 wyverns (D:8)
  10 yaks
  A human (shapeshifter) (D:12)
  A golden eye (shapeshifter) (D:12)
  Menkaure (D:6)
  A soldier ant (D:11)
  A water moccasin (D:7)
  An acid dragon (D:12)
  4 orc warriors
  2 eyes of draining (D:12)
  5 ice beasts
  A sky beast (D:12)
  2 black bears (D:7)
  5 ogres
  4 phantoms
  8 centaurs
  7 bullfrogs
  2 gnoll sergeants
  A wyvern zombie (D:6)
  A wyvern skeleton (D:10)
  A scorpion (D:10)
  3 killer bees (D:8)
  14 wights
  6 howler monkeys
  A quasit (D:10)
  2 bullfrog zombies (D:8)
  10 jellies
  12 hounds
  9 orc wizards
  5 orc priests
  2 bullfrog skeletons
  2 iguanas
  Terence (D:2)
  8 worker ants
  A killer bee zombie (D:6)
  A hound zombie (D:11)
  3 hound skeletons
  A howler monkey zombie (D:10)
  12 adders
  3 gnolls (D:7)
  A howler monkey skeleton (D:5)
  6 white imps
  2 ufetubi (D:5)
  22 oozes
  3 adder zombies
  3 worms
  3 dart slugs
  3 leopard geckos
  49 orcs
  2 ball pythons
  8 bats
  7 giant cockroaches
  12 hobgoblins
  7 jackals
  10 kobolds
  4 quokkas
  3 ball python skeletons (Ossuary)
  3 frilled lizards
  7 goblins
  A kobold zombie (Ossuary)
  3 orc skeletons (Ossuary)
  A rat (D:1)
359 creatures vanquished.

Vanquished Creatures (others)
  A fungus (D:12)
  6 plants (D:11)
7 creatures vanquished.

Grand Total: 366 creatures vanquished

Notes
Turn   | Place    | Note
-------+----------+-------------------------------------------
     0 | D:1      | Toast5 the Gargoyle Fighter began the quest for the Orb.
     0 | D:1      | Reached XP level 1. HP: 14/14 MP: 1/1
    82 | D:1      | Reached XP level 2. HP: 19/19 MP: 2/2
   376 | D:1      | Found a glowing golden altar of the Shining One.
   529 | D:1      | Reached XP level 3. HP: 20/23 MP: 3/3
  1174 | D:2      | Reached skill level 3 in Maces & Flails
  1188 | D:2      | Noticed Terence
  1197 | D:2      | Killed Terence
  1198 | D:2      | Reached XP level 4. HP: 26/29 MP: 4/4
  2340 | D:3      | Reached XP level 5. HP: 33/33 MP: 5/5
  2386 | D:4      | Found a staircase to the Ecumenical Temple.
  2395 | Temple   | Entered the Ecumenical Temple
  2616 | Temple   | Became a worshipper of Warmaster Okawaru
  2822 | D:4      | Reached skill level 4 in Maces & Flails
  2904 | D:4      | Reached XP level 6. HP: 22/38 MP: 6/6
  3748 | D:5      | Entered Level 5 of the Dungeon
  3983 | D:5      | Identified Sif Muna's Collected Works on the Arsonist
  4018 | D:5      | Noticed a phantom
  4392 | D:5      | Got a brightly glowing falchion
  4393 | D:5      | Identified the +8 falchion "Owkaereu" {speed, *Slow rPois
                  | MP-9 Dex+9} (You found it on level 5 of the Dungeon)
  4557 | D:5      | Reached skill level 1 in Invocations
  4627 | D:5      | Found a radiant altar of Vehumet.
  4797 | D:5      | Reached XP level 7. HP: 31/44 MP: 0/8
  4903 | D:5      | Reached * piety under Okawaru
  4904 | D:5      | Reached skill level 5 in Maces & Flails
  5274 | D:5      | Reached skill level 5 in Armour
  5274 | D:5      | Reached skill level 5 in Shields
  5410 | D:6      | Reached skill level 5 in Fighting
  5532 | D:6      | Noticed Menkaure
  5542 | D:6      | Killed Menkaure
  5543 | D:6      | Reached XP level 8. HP: 35/49 MP: 0/9
  6043 | D:7      | Reached skill level 6 in Maces & Flails
  6128 | D:7      | Noticed Maggie
  6145 | D:7      | Killed Maggie
  6145 | D:7      | Reached ** piety under Okawaru
  6381 | D:7      | Found a sparkling altar of Nemelex Xobeh.
  6480 | D:7      | Reached XP level 9. HP: 55/55 MP: 2/11
  6569 | D:7      | Noticed Prince Ribbit
  6860 | D:7      | Killed Prince Ribbit
  6861 | D:7      | Reached skill level 7 in Maces & Flails
  7101 | D:8      | Reached *** piety under Okawaru
  7228 | D:8      | Found a sand-covered staircase.
  7234 | Ossuary  | Entered an ossuary
  7429 | Ossuary  | Reached skill level 8 in Maces & Flails
  7471 | Ossuary  | Reached **** piety under Okawaru
  7472 | Ossuary  | Reached skill level 5 in Invocations
  7869 | D:8      | Reached XP level 10. HP: 63/63 MP: 4/13
  8204 | D:8      | Reached skill level 9 in Maces & Flails
  8229 | D:8      | Noticed a flayed ghost
  8241 | D:8      | Killed a flayed ghost
  8241 | D:8      | Reached ***** piety under Okawaru
  8875 | D:9      | Received a gift from Okawaru
  9405 | D:9      | Reached XP level 11. HP: 58/68 MP: 6/15
  9477 | D:10     | Entered Level 10 of the Dungeon
  9477 | D:10     | Noticed a two-headed ogre
  9523 | D:10     | Reached skill level 10 in Maces & Flails
  9647 | D:10     | Killed a two-headed ogre
 10002 | D:10     | Identified the Tome of Envenoming and Flight
 10232 | D:11     | Found a shadowy altar of Dithmenos.
 10265 | D:11     | Found a gate leading to a gauntlet.
 10274 | Gauntlet | Entered a Gauntlet
 10274 | Gauntlet | Found a transporter.
 10274 | Gauntlet | Found a transporter.
 10274 | Gauntlet | Found a transporter.
 10274 | Gauntlet | Noticed a tengu warrior
 10289 | Gauntlet | Noticed a death ooze
 10300 | Gauntlet | Killed a tengu warrior
 10300 | Gauntlet | Received a gift from Okawaru
 10301 | Gauntlet | Found a transporter.
 10305 | Gauntlet | Got a heavily runed crystal plate armour {god gift}
 10317 | Gauntlet | Identified the +19 crystal plate armour of Budas {Regen+
                  | Str-4 Int+2} (Okawaru gifted it to you in a Gauntlet)
 10359 | Gauntlet | Found a transporter.
 10363 | Gauntlet | Noticed a wizard
 10364 | Gauntlet | Found a transporter.
 10459 | Gauntlet | Noticed a death yak
 10459 | Gauntlet | Noticed a death yak
 10460 | Gauntlet | Found a transporter.
 10462 | Gauntlet | Noticed a death yak
 10479 | Gauntlet | Noticed a death yak
 10480 | Gauntlet | Noticed a death yak
 10495 | Gauntlet | Killed a death yak
 10496 | Gauntlet | Reached skill level 11 in Maces & Flails
 10504 | Gauntlet | Killed a death yak
 10516 | Gauntlet | Killed a death yak
 10517 | Gauntlet | Reached XP level 12. HP: 76/76 MP: 8/18
 10522 | Gauntlet | Killed a death yak
 10540 | Gauntlet | Killed a death yak
 10614 | Gauntlet | Noticed a cacodemon
 10649 | Gauntlet | Found a transporter.
 10655 | Gauntlet | Identified the +9 mace "Mehufept" {vorpal, Will++ MP-9}
 10655 | Gauntlet | Noticed a minotaur
 10666 | Gauntlet | Killed a minotaur
 11068 | D:11     | Found a staircase to the Lair.
 11113 | D:11     | Noticed a two-headed ogre
 11153 | D:11     | Killed a two-headed ogre
 11153 | D:11     | Reached ****** piety under Okawaru
 11198 | D:11     | Received a gift from Okawaru
 11438 | D:11     | Noticed a six-headed hydra
 11443 | D:11     | Killed a six-headed hydra
 11444 | D:11     | Reached skill level 12 in Maces & Flails
 11830 | D:11     | Gained mutation: You evolve. [potion of mutation]
 11830 | D:11     | Gained mutation: You are agile. (Dex +2) [potion of
                  | mutation]
 11830 | D:11     | Gained mutation: You have sharp toenails. [potion of
                  | mutation]
 11830 | D:11     | Gained mutation: You are very agile. (Dex +4) [potion of
                  | mutation]
 11854 | D:12     | Noticed a five-headed hydra
 11871 | D:12     | Killed a five-headed hydra
 11872 | D:12     | Reached skill level 10 in Armour
 11872 | D:12     | Reached skill level 10 in Shields
 11883 | D:12     | Reached skill level 10 in Fighting
 11981 | D:12     | Found a staircase to the Orcish Mines.
 12002 | D:12     | Noticed an eight-headed hydra
 12048 | D:12     | Killed an eight-headed hydra
 12345 | D:12     | Received a gift from Okawaru
 12346 | D:12     | Reached XP level 13. HP: 80/82 MP: 10/19
 12388 | D:12     | Noticed Nessos
 12412 | D:12     | Killed Nessos
 13067 | D:12     | Mangled by a large slime creature

Illustrated notes

Levels and vault maps discovered:
D:1:      minmay_arrival_wavy_path, layout_basic, tso_altar
D:2:      layout_basic, kennysheep_generic_room_15, uniq_terence
D:3:      layout_rooms
D:4:      layout_gridville, minmay_temple_entry_waves, serial_co_window_serial,
          co_window_of_opportunity_a, co_window_corner_a, co_window_paths_b,
          co_window_cross_1, co_window_paths_b, co_window_corner_cb,
          co_window_corner_ca, co_window_of_opportunity_b, co_window_corner_cb,
          co_window_unsneaky_path_a, co_window_corner_b, co_window_paths_d,
          glass_columns_a, glass_columns_a, glass_columns_c, glass_columns_a
D:5:      layout_loops_corners, vehumet_altar_wand_db
D:6:      layout_rooms, supply_closet_lemuel, kennysheep_nub, uniq_menkaure
D:7:      layout_loops_cross, kennysheep_mini_moat, uniq_prince_ribbit1,
          uniq_maggie
D:8:      layout_basic, nicolae_ossuary_entry_ruins, nzn_random_ring
D:9:      layout_roguey, hangedman_decor_clover_reticule
D:10:     layout_rooms
D:11:     layout_basic, dpeg_oklobed_lair, gauntlet_entry_generic, basic_altar,
          serial_curves, eino_curves_02, eino_curves_01, eino_curves_01,
          minmay_starry_boxes
D:12:     lemuel_slime, layout_basic, hiddenorc1_lemuel, uniq_nessos
Temple:   roderic_octagonal_lattice_temple

Skill      XL: |  1  2  3  4  5  6  7  8  9 10 11 12 |
---------------+-------------------------------------+-----
Maces & Flails | 3 4 5 6 8 9 11 12 | 12.8
Armour         | 4 5 6 7 8 9 10 | 10.5
Shields        | 4 5 6 7 8 9 10 | 10.5
Fighting       | 4 5 6 7 8 9 10 | 10.4
Invocations    | 1 2 3 5 6 8 9 |  9.5

Action                   |  1- 3 |  4- 6 |  7- 9 | 10-12 | 13-15 || total
-------------------------+-------+-------+-------+-------+-------++-------
Melee: Flail             |   124 |   297 |       |       |       ||   421
       Falchion          |       |     4 |   272 |   359 |       ||   635
       War axe           |       |       |       |    79 |       ||    79
       Mace              |       |       |       |   229 |   131 ||   360
Throw: Dart              |       |    15 |    17 |     9 |     2 ||    43
Invok: Heroism           |       |       |       |     3 |     1 ||     4
       Finesse           |       |       |       |     3 |     1 ||     4
  Use: Scroll            |       |     6 |     8 |    13 |       ||    27
       Potion            |       |       |       |     9 |       ||     9
Armor: Scale mail        |    81 |   171 |    41 |       |       ||   293
       Swamp dragon scal |       |       |    47 |   108 |       ||   155
       Crystal plate arm |       |       |       |   224 |    60 ||   284
       Plate armour      |       |       |       |    11 |       ||    11
Dodge: Dodged            |    32 |    99 |    51 |    97 |     7 ||   286
Block: Kite shield       |    68 |   149 |   108 |   304 |    40 ||   669
       Rpst.: Falchion   |       |     1 |    18 |    28 |       ||    47
